 Dungeon Crawl Stone Soup version 0.25.0-26-g0c896c7088 (webtiles) character file.

Game seed: 7994078277218466624

142 lepoulpe303 the Firebug (level 5, -2/28 HPs)
             Began as a Gargoyle Fire Elementalist on July 3, 2020.
             Slain by a river rat (5 damage)
             ... on level 3 of the Dungeon.
             The game lasted 00:10:55 (2263 turns).

lepoulpe303 the Firebug (GrFE)                      Turns: 2263, Time: 00:10:55

Health: -2/28      AC:  7    Str: 12    XL:     5   Next: 25%
Magic:  4/9        EV: 12    Int: 16    God:
Gold:   91         SH:  0    Dex: 10    Spells: 6/10 levels left

rFire    . . .     SeeInvis .   a - +2 dagger (pain)
rCold    . . .     Gourm    .   (no shield)
rNeg     + . .     Faith    .   g - +0 robe
rPois    ∞         Spirit   .   d - +0 helmet
rElec    +         Reflect  .   (no cloak)
rCorr    .         Harm     .   (no gloves)
MR       .....                  (no boots)
Stlth    +.........             (no amulet)
HPRegen  0.09/turn              (no ring)
MPRegen  0.11/turn              (no ring)

@: very slow
A: negative energy resistance 1, electricity resistance, unbreathing,
petrification resistance, rot immunity, AC +4
a: no special abilities


You were on level 3 of the Dungeon.
You were hungry.

You visited 1 branch of the dungeon, and saw 3 of its levels.

You collected 91 gold pieces.

Inventory:

Hand Weapons
 a - a +2 dagger of pain (weapon)
 b - a +2 dagger of holy wrath
 f - a +0 short sword
Missiles
 l - 3 throwing nets {=f}
Armour
 d - a +0 helmet (worn)
 g - a +0 robe (worn)
Jewellery
 h - a cursed ring of attention {unknown}
Scrolls
 j - a scroll of enchant weapon {unknown}
 m - 3 scrolls of identify {unknown}
 n - 3 scrolls of remove curse {unknown}
 o - 2 scrolls of teleportation {unknown}
 p - a scroll of amnesia {unknown}
Potions
 c - 2 potions of curing {unknown}
 i - a potion of mutation {unknown}
 k - 2 potions of stabbing {unknown}
 q - a potion of magic {unknown}
 r - a potion of invisibility {unknown}
Comestibles
 e - 4 rations


   Skills:
 + Level 2.2 Dodging
 - Level 2.4 Stealth
 * Level 3.1 Spellcasting
 + Level 2.2 Conjurations
 * Level 4.1 Fire Magic


You had 6 spell levels left.
You knew the following spells:

 Your Spells              Type           Power        Failure   Level  Hunger
a - Foxfire               Conj/Fire      ##..         4%          1    None
c - Conjure Flame         Conj/Fire      ##......     14%         3    ###....

Your spell library contained the following spells:

 Spells                   Type           Power        Failure   Level  Hunger
 Inner Flame              Hex/Fire       #.......     24%         3    ###....
 Sticky Flame             Conj/Fire      ##......     43%         4    ####...
 Fireball                 Conj/Fire      ##........   80%         5    ######.


Dungeon Overview and Level Annotations

Branches:
Dungeon (3/15)

Altars:

Annotations:
D:2 Terence


Innate Abilities, Weirdness & Mutations

You are resistant to torment.
Your stone body is resilient. (AC +4)
You are immune to poison.
You resist negative energy. (rN+)
You are resistant to electric shocks. (rElec)
You can survive without breathing.
You are immune to petrification.
You are immune to rotting.


Message History

MASSIVE DAMAGE!!
The bat closely misses you. The river rat misses you.
The orc hits you but does no damage. The bat misses you.
You conjure some foxfire!
The bat completely misses you. The river rat bites you.
* * * LOW HITPOINT WARNING * * *
You take 6 damage, and have 4/28 hp.
MASSIVE DAMAGE!!
You now have 4/9 mp.
The foxfire hits the river rat but does no damage. x2
The bat hits you but does no damage. The river rat bites you.
* * * LOW HITPOINT WARNING * * *
You take 1 damage, and have 3/28 hp.
The bat closely misses you.
You enter the shallow water.
Moving in this stuff is going to be slow.
The bat hits you but does no damage. The orc hits you but does no damage.
The river rat bites you.
You die...

## ....# ..## ##..#
...## ##...######
....## ##.........#
.....###..........#####
......#.........r.....#
..†.................#.#
..?............orb....#
$...†......?(...@.....#
......#.†...≈.≈≈≈≈≈...#
.####.##...≈≈#≈#≈######
<# #.#####≈≈≈≈≈≈≈≈ .#
#.# #########≈ .# #.# #
.# #.# .# .#


You could see 2 river rats, an orc and a bat.

Levels and vault maps discovered:
D:1:      psy_arrival_terrarium, layout_basic
D:2:      layout_basic, uniq_terence
D:3:      layout_rooms, lightli_sewer_entry_pipes, hangedman_glass_teeth,
          nrook_loot_triangle, minmay_misc_feat_encased, uniq_grinder, uniq_ijyb

Notes
Turn   | Place    | Note
-------+----------+-------------------------------------------
     0 | D:1      | lepoulpe303 the Gargoyle Fire Elementalist began the quest
                  | for the Orb.
     0 | D:1      | Reached XP level 1. HP: 10/10 MP: 3/3
    60 | D:1      | Identified a +0 helmet (You found it on level 1 of the
                  | Dungeon)
    74 | D:1      | Identified a +0 dagger
    75 | D:1      | Identified a +0 dagger
   102 | D:1      | Identified a +0 short sword
   131 | D:1      | Reached XP level 2. HP: 11/15 MP: 5/5
   137 | D:1      | Identified a +0 club
   139 | D:1      | Identified a +2 dagger of holy wrath
   141 | D:1      | Identified a +0 short sword
   278 | D:1      | Identified a +0 club
   295 | D:1      | Identified a +0 dagger
   455 | D:1      | Identified a +0 club
   573 | D:1      | Reached XP level 3. HP: 16/19 MP: 6/6
   578 | D:1      | Learned a level 3 spell: Conjure Flame
   916 | D:2      | Identified a cursed -2 whip
  1065 | D:2      | Identified a +0 trident
  1065 | D:2      | Identified a +0 scale mail
  1065 | D:2      | Noticed Terence
  1137 | D:2      | Identified a +0 club
  1138 | D:2      | Identified a +0 halberd
  1138 | D:2      | Identified a +0 spear
  1160 | D:2      | Reached skill level 2 in Dodging
  1160 | D:2      | Reached XP level 4. HP: 24/24 MP: 1/8
  1410 | D:2      | Identified a +0 dagger
  1426 | D:2      | Reached skill level 2 in Conjurations
  1456 | D:2      | Identified a +0 club
  1457 | D:2      | Identified a +0 dagger
  1656 | D:2      | Reached skill level 3 in Spellcasting
  1656 | D:2      | Reached skill level 4 in Fire Magic
  1656 | D:2      | Reached XP level 5. HP: 11/28 MP: 1/9
  1947 | D:2      | Identified a +0 club
  1949 | D:2      | Identified a +0 dagger
  2120 | D:3      | Identified a +2 dagger of pain
  2132 | D:3      | Identified a +0 club
  2250 | D:3      | Identified a +0 club
  2250 | D:3      | Identified a +0 ring mail
  2260 | D:3      | HP: 4/28 [river rat (6)]
  2263 | D:3      | Slain by a river rat

Table legend:
 A = Turns spent in this place as a percentage of turns spent in the entire game.
 B = Non-inter-level travel turns spent in this place as a percentage of non-inter-level travel turns spent in the entire game.
 C = Inter-level travel turns spent in this place as a percentage of turns spent in this place.
 D = Turns resting spent in this place as a percentage of non-inter-level travel turns spent in this place.
 E = Turns spent auto-exploring this place as a percentage of non-inter-level travel turns spent in this place.
 F = Non-inter-level travel turns spent in this place divided by the number of levels of this place that you've seen.
                   A       B       C       D       E      F
               +-------+-------+-------+-------+-------+----------------------
         Total | 100.0 | 100.0 |   5.7 |  16.4 |  50.3 | 711.3
       Dungeon | 100.0 | 100.0 |   5.7 |  16.4 |  50.3 | 711.3
               +-------+-------+-------+-------+-------+----------------------

Table legend:
 A = Kills in this place as a percentage of kills in entire the game.
 B = Kills by you in this place as a percentage of kills by you in the entire game.
 C = Kills by friends in this place as a percentage of kills by friends in the entire game.
 D = Other kills in this place as a percentage of other kills in the entire game.
 E = Experience gained in this place as a percentage of experience gained in the entire game.
 F = Experience gained in this place divided by the number of levels of this place that you have seen.
                   A       B       C       D       E      F
               +-------+-------+-------+-------+-------+----------------------
         Total | 100.0 | 100.0 |   N/A |   N/A | 100.0 |  68.0
       Dungeon | 100.0 | 100.0 |   N/A |   N/A | 100.0 |  68.0
               +-------+-------+-------+-------+-------+----------------------

Skill      XL: |  1  2  3  4 |
---------------+-------------+-----
Dodging        | 2 |  2.2
Conjurations   | 2 |  2.2
Spellcasting   | 3 |  3.1
Fire Magic     | 4 |  4.1
Stealth        | |  2.4

Action                   |  1- 3 |  4- 6 || total
-------------------------+-------+-------++-------
Melee: Unarmed           |    10 |       ||    10
       Short sword       |     7 |       ||     7
       Dagger            |    41 |    33 ||    74
 Cast: Foxfire           |    33 |    55 ||    88
  Eat: Chunk             |     1 |     3 ||     4
Armor: Robe              |    36 |    45 ||    81
Dodge: Dodged            |    66 |    70 ||   136

Vanquished Creatures
  A worker ant (D:2)
  2 adders (D:2)
  3 gnolls (D:2)
  A river rat (D:3)
  A worm (D:2)
  A dart slug (D:2)
  4 leopard geckos
  An orc (D:2)
  A giant cockroach (D:2)
  7 goblins
  5 hobgoblins
  2 jackals (D:1)
  A quokka (D:2)
  A ball python (D:3)
  3 bats
  2 frilled lizards (D:1)
  10 kobolds
  9 rats
55 creatures vanquished.

Vanquished Creatures (others)
  118 foxfires
118 creatures vanquished.

Grand Total: 173 creatures vanquished
